Map: Echo LE (Void)

Players

killerpomo - Winner!

  • Race: Zerg Zerg
  • League: Diamond
  • Spawn Location: 11:00

Musumeci

  • Race: Zerg Zerg
  • League: Diamond
  • Spawn Location: 5:00

VOD

Have the link to the VOD?

Description

Time

  • Played on: Dec. 22, 2016, 5:51 p.m.
  • Length: 10:52
Show
View Real Time Build Order
Export as new Build Order

killerpomo Zerg - Winner!

Build Orders: Hatch First 

Get SALT Encoding   

  12  0:03  Drone  
  13  0:13  Overlord  
  13  0:17  Drone  
  14  0:31  Drone  
  14  0:32  Drone  
  16  0:35  Drone  
  17  0:53  Hatchery  
  17  0:55  Drone  
  17  1:08  Spawning Pool  
  17  1:11  Drone  
  17  1:14  Extractor  
  17  1:16  Drone  
  17  1:20  Drone  
  17  1:22  Extractor  
  18  1:29  Drone  
  19  1:55  Queen  
  19  1:56  Zergling x2  
  22  2:03  Overlord  
  22  2:04  Queen  
  22  2:06  Zergling x4  
  26  2:13  Drone  
  27  2:18  Overlord  
  27  2:24  Drone  
  27  2:27  Metabolic Boost  
  28  2:35  Drone  
  28  2:36  Drone  
  30  2:38  Spine Crawler  
  30  2:43  Drone  
  29  2:47  Drone  
  29  2:50  Drone  
  31  2:51  Baneling Nest  
  30  2:58  Drone  
  30  2:59  Drone  
  30  3:04  Zergling x6  
  35  3:17  Overlord  
  35  3:21  Drone x3  
  35  3:22  Drone  
  39  3:32  Drone x3  
  42  3:38  Baneling x3  
  42  3:51  Hatchery, Overlord  
  42  3:53  Overlord  
  41  3:58  Zergling x6  
  42  4:14  Zergling x10  
  42  4:15  Zergling x4  
  46  4:22  Extractor  
  45  4:24  Evolution Chamber, Extractor  
  45  4:26  Drone x2  
  45  4:27  Roach Warren  
  45  4:29  Baneling x3  
  43  4:41  Zergling x8  
  47  4:52  Zergling x6  
  44  4:53  Zergling x4  
  44  4:58  Zerg Ground Armor Level 1  
  44  4:59  Drone x3  
  49  5:05  Drone x3  
  52  5:07  Baneling x2  
  52  5:12  Drone  
  53  5:15  Queen  
  53  5:21  Drone x3  
  56  5:24  Drone x2  
  60  5:33  Drone x3  
  59  5:46  Baneling  
  59  5:47  Baneling x3  
  59  5:48  Zergling x12  
  62  5:57  Overlord  
  57  6:07  Zergling x16  
  64  6:11  Zergling x2  
  64  6:12  Zergling x2  
  63  6:20  Zergling x2  
  63  6:22  Lair  
  64  6:27  Queen  
  64  6:29  Zergling x6  
  64  6:30  Zergling x4  
  69  6:39  Drone x4  
  74  6:40  Drone  
  74  6:54  Overlord x7  
  67  7:02  Zergling x4  
  68  7:09  Zerg Missile Weapons Level 1  
  68  7:19  Zergling x2  
  68  7:20  Zergling x6  
  71  7:25  Glial Reconstitution  
  71  7:26  Roach  
  71  7:27  Roach x5  
  71  7:28  Baneling x4  
  83  7:30  Drone  
  83  7:34  Drone  
  84  7:38  Drone x4  
  84  7:43  Drone x3  
  89  7:54  Hatchery, Drone x2  
  89  7:55  Drone x5  
  89  7:56  Baneling x2  
  92  8:15  Drone x7  
  92  8:16  Drone x3  
  92  8:18  Extractor  
  101  8:20  Extractor  
  101  8:21  Evolution Chamber  
  101  8:24  Hydralisk Den  
  95  8:40  Extractor  
  94  8:43  Zergling x2  
  94  8:44  Zergling x22  
  94  8:47  Zergling x2  
  94  8:48  Zergling x6  
  107  8:55  Zergling x2  
  101  9:00  Zergling x4  
  101  9:08  Spine Crawler  
  101  9:09  Queen  
  101  9:15  Drone x3  
  101  9:16  Drone x3  
  104  9:27  Drone x2  
  104  9:29  Queen  
  108  9:32  Roach x4  
  108  9:33  Roach x5  
  126  9:39  Spine Crawler  
  126  9:40  Spine Crawler, Muscular Augments  
  120  9:59  Roach x2  
  134  10:00  Roach x5  
  134  10:03  Baneling  
  134  10:04  Baneling x16  
  134  10:10  Overlord  
  134  10:11  Overlord x6  
  126  10:35  Zergling x2  
  133  10:37  Ravager x13  
  133  10:38  Ravager  
Show
View Real Time Build Order
Export as new Build Order

Musumeci Zerg 

Build Orders: Pool First 

Get SALT Encoding   

  12  0:01  Drone  
  13  0:08  Drone  
  14  0:16  Overlord  
  14  0:26  Drone, Extractor  
  15  0:35  Drone x2  
  17  0:46  Spawning Pool  
  17  0:49  Extractor  
  15  0:51  Drone  
  15  0:56  Drone  
  17  1:16  Evolution Chamber  
  16  1:27  Hatchery  
  16  1:38  Queen  
  18  1:45  Evolution Chamber  
  17  1:49  Metabolic Boost  
  17  1:54  Drone  
  17  1:58  Drone  
  19  2:09  Baneling Nest  
  19  2:11  Zergling x2  
  19  2:16  Zergling x2  
  19  2:22  Zergling x2  
  21  2:31  Evolution Chamber  
  21  2:34  Drone  
  21  2:47  Zergling x4  
  21  2:50  Queen  
  25  3:02  Zerg Ground Armor Level 1  
  25  3:06  Drone  
  25  3:14  Drone  
  25  3:15  Drone  
  27  3:20  Drone  
  27  3:26  Overlord  
  28  3:31  Baneling  
  28  3:32  Baneling  
  28  3:46  Zergling x10  
  32  4:11  Zergling x8  
  36  4:21  Baneling x2  
  29  4:50  Zergling x14  
  34  4:57  Baneling x2, Overlord  
  34  5:00  Zergling x4  
  34  5:03  Baneling  
  36  5:25  Zergling x16  
  44  5:29  Zerg Melee Weapons Level 1  
  31  5:46  Zergling x4  
  31  5:47  Zergling x6  
  32  5:50  Hatchery  
  30  6:07  Zergling x10  
  31  6:16  Zergling x2  
  29  6:22  Drone  
  29  6:23  Drone  
  27  6:36  Baneling x2  
  27  6:37  Zergling x4  
  26  6:52  Zergling x2  
  26  6:53  Zergling x6  
  27  7:06  Queen  
  23  7:15  Zergling x6  
  23  7:18  Drone  
  23  7:26  Drone x2  
  25  7:31  Zergling x2  
  26  7:42  Drone x2  
  28  7:56  Drone  
  29  8:02  Zergling x8  
  33  8:11  Zergling x2  
  33  8:12  Zergling x6  
  33  8:25  Zergling x2  
  33  8:26  Zergling x8  
  37  8:35  Zergling x6  
  37  8:36  Zergling x2  
  37  8:38  Baneling  
  41  8:47  Zergling x2  
  41  8:48  Zergling x4  
  39  9:00  Zergling x10  
  42  9:09  Baneling x3  
  41  9:10  Baneling x3  
  38  9:24  Drone x5  
  42  9:34  Overlord  
  34  9:50  Zergling x4  
  34  9:51  Zergling x16  
  40  10:03  Zergling x10  
  29  10:34  Zergling x2  
Tags
 
Add a new tag
Caveats
  • Supply blocks, unpowered buildings, or Contaminate may cause inaccurate times.
  • Supply counts are checked every 10 seconds.